 Dungeon Crawl Stone Soup version 0.29-a0-757-g358383bc75 (webtiles) character file.

Game seed: 10493672803665329093

712 zeratav the Ruffian (level 7, -3/70 HPs)
             Began as a Troll Fighter on July 1, 2022.
             Slain by a bullfrog (4 damage)
             ... in a sewer.
             The game lasted 00:04:17 (3001 turns).

zeratav the Ruffian (Troll Fighter)                 Turns: 3001, Time: 00:04:18

Health: -3/70      AC:  5    Str: 27    XL:     7   Next: 41%
Magic:  6/6        EV:  8    Int:  4    God:
Gold:   184        SH:  8    Dex:  9    Spells: 6/6 levels left

rFire   . . .      SeeInvis .     - Unarmed
rCold   . . .      Faith    .   b - +0 kite shield
rNeg    . . .      Spirit   .   a - +0 robe
rPois   .          Reflect  .   (helmet restricted)
rElec   .          Harm     .   q - +0 cloak
rCorr   .          Rampage  .   (gloves unavailable)
Will    .....                   (boots unavailable)
Stlth   +.........              (no amulet)
HPRegen 1.01/turn               (no ring)
MPRegen 0.10/turn               (no ring)

@: mighty, lethally poisoned (-3 -> -5), very slow
A: large, unfitting armour, claws 3, regeneration 1, shaggy fur 1, tough skin 1
a: no special abilities


You were in a sewer.
You visited 1 branch of the dungeon, and saw 4 of its levels.
You also visited: Sewer.

You collected 184 gold pieces.


Innate Abilities, Weirdness & Mutations

You are too large for most types of armour.
You have claws for hands.
Your natural rate of healing is unusually fast.
You are covered in fur. (AC +1)
You have tough skin. (AC +1)


   Skills:
 + Level 4.0 Fighting
 + Level 3.2 Throwing
 - Level 2.4 Dodging
 + Level 4.4 Shields
 + Level 4.9 Unarmed Combat


You had 6 spell levels left.
You didn't know any spells.
Your spell library contained the following spells:

 Spells                   Type           Power      Damage    Failure   Level
 Summon Small Mammal      Summ           0%         N/A       78%         1
 Call Canine Familiar     Summ           0%         N/A       98%         3
 Summon Guardian Golem    Hex/Summ       0%         N/A       98%         3

Inventory:

Armour
 a - a +0 robe (worn)
 b - a +0 kite shield (worn)
 q - a +0 cloak (worn)
   (You took it off Crazy Yiuf on level 2 of the Dungeon)
 r - a +2 robe
   (You took it off Sigmund on level 3 of the Dungeon)
Jewellery
 d - a +6 ring of intelligence
   (You found it on level 1 of the Dungeon)
 g - a ring of wizardry
   (You found it on level 1 of the Dungeon)
Wands
 s - a wand of polymorph (2)
   (You took it off Sigmund on level 3 of the Dungeon)
 u - a wand of acid (9)
   (You found it on level 3 of the Dungeon)
 v - a wand of iceblast (2)
   (You took it off Ijyb on level 3 of the Dungeon)
Scrolls
 h - 4 scrolls of identify {unknown}
 k - a scroll of fear {unknown}
 l - 2 scrolls of immolation {unknown}
 n - 2 scrolls of poison {unknown}
 p - 2 scrolls of blinking {unknown}
 w - a scroll of teleportation {unknown}
 x - a scroll of enchant armour {unknown}
 y - a scroll of enchant weapon {unknown}
Potions
 c - a potion of might
 e - 8 potions of curing {unknown}
 f - 4 potions of heal wounds {unknown}
 i - a potion of invisibility {unknown}
 j - a potion of magic {unknown}
 m - a potion of attraction {unknown}
 o - a potion of cancellation {unknown}
 t - a potion of haste {unknown}

Dungeon Overview and Level Annotations

Branches:
Dungeon (4/15) Zot: 21265   Sewer (1/1) Zot: 5670
 Temple: D:4-7

Altars:
Xom

Annotations:
D:4 1 runed translucent door, gdog's ghost, novice GnDe

######################
....≈≈≈≈≈≈≈≈≈≈≈≈≈≈≈#.###
...≈≈≈FFS≈..≈#≈≈≈≈≈≈...#
...≈≈≈S@S≈≈≈≈≈≈≈≈≈≈≈....
...≈#≈SSS≈≈≈≈≈≈≈≈≈≈≈....
...≈≈≈≈l≈≈≈≈≈≈≈≈≈≈≈≈....
....≈≈≈≈≈≈≈≈≈≈≈≈≈≈≈#....
+####################...
####.. #..#.. #..'..
#####.


You could see 2 bullfrogs, 3 adders, 3 ball pythons and a frilled lizard.


Message History

You claw the adder! You block the adder's attack.
The adder bites you but does no damage. x2
The bullfrog releases a deep croak.
The ball python bites you but does no damage.
The adder bites you. The adder barely misses you. The adder bites you. x2
You miss the adder. You block the ball python's attack.
The adder completely misses you. You block the adder's attack.
The adder misses you. The adder closely misses you. The bullfrog hits you.
You miss the adder. The ball python closely misses you. The adder bites you.
You are poisoned.
The adder poisons you! The adder completely misses you.
The adder bites you but does no damage. x2
The bullfrog hits you but does no damage.
The ball python bites you but does no damage.
The adder bites you but does no damage. The adder bites you.
You are more poisoned.
The adder poisons you!
HP[-14]
You take 14 damage, and now have 56/70 hp.
You closely miss the adder.
You feel very sick. The adder closely misses you. The bullfrog hits you.
You block the adder's attack. The adder bites you but does no damage.
The adder closely misses you.
The ball python bites you but does no damage.
The ball python closely misses you. You block the adder's attack.
The ball python bites you but does no damage.
The adder bites you. You block the bullfrog's attack.
HP[-7]
You take 7 damage, and now have 49/70 hp.
You claw the adder!
You kill the adder!
You feel sick. The bullfrog closely misses you. The bullfrog hits you!
The adder bites you but does no damage. You block the adder's attack.
The ball python barely misses you. You block the adder's attack.
You block the ball python's attack. The ball python barely misses you.
The bullfrog hits you.
HP[-9]
You take 9 damage, and now have 40/70 hp.
You scratch the bullfrog.
You feel sick.
The bullfrog hits you but does no damage.
The adder bites you but does no damage. You block the adder's attack.
The adder barely misses you.
The ball python bites you but does no damage.
The ball python barely misses you. x2; You block the bullfrog's attack.
The bullfrog barely misses you. The adder bites you.
The adder bites you but does no damage.
HP[-4]
You take 4 damage, and now have 36/70 hp.
You barely miss the bullfrog.
You feel sick. You block the adder's attack.
You block the ball python's attack. The bullfrog hits you.
* * * LOW HITPOINT WARNING * * *
The ball python bites you but does no damage.
You block the ball python's attack. The bullfrog barely misses you.
The adder bites you but does no damage. The adder closely misses you.
The adder barely misses you. The ball python barely misses you.
You block the bullfrog's attack.
HP[-4]
You take 4 damage, and now have 32/70 hp.
You closely miss the bullfrog.
You feel sick. You block the bullfrog's attack.
The ball python bites you but does no damage.
You block the ball python's attack. You block the adder's attack.
The adder bites you.
* * * LOW HITPOINT WARNING * * *
You are more poisoned.
The adder poisons you! The adder bites you but does no damage.
The bullfrog barely misses you. You block the bullfrog's attack.
The ball python closely misses you. The ball python bites you.
* * * LOW HITPOINT WARNING * * *
The ball python bites you but does no damage.
HP[-4]
You take 4 damage, and now have 28/70 hp.
You feel very mighty all of a sudden.
You feel sick. You block the bullfrog's attack. The adder bites you.
* * * LOW HITPOINT WARNING * * *
You block the adder's attack. The bullfrog hits you!
* * * LOW HITPOINT WARNING * * *
The adder bites you.
* * * LOW HITPOINT WARNING * * *
The ball python bites you.
* * * LOW HITPOINT WARNING * * *
The ball python bites you but does no damage.
The ball python bites you.
* * * LOW HITPOINT WARNING * * *
The bullfrog barely misses you.
HP[-14]
You take 14 damage, and now have 14/70 hp.
You barely miss the bullfrog.
You feel sick. The bullfrog hits you.
* * * LOW HITPOINT WARNING * * *
The adder bites you but does no damage. The adder bites you.
* * * LOW HITPOINT WARNING * * *
The adder bites you.
* * * LOW HITPOINT WARNING * * *
You are more poisoned.
The adder poisons you! You block the ball python's attack.
The ball python bites you but does no damage.
You block the bullfrog's attack. The ball python bites you.
* * * LOW HITPOINT WARNING * * *
The bullfrog hits you.
You die...

Skill      XL: |  1  2  3  4  5  6  7 |
---------------+----------------------+-----
Unarmed Combat | 3 4 |  4.9
Throwing       | 1 2 3 |  3.2
Shields        | 3 4 |  4.4
Fighting       | 3 4 |  4.0
Dodging        | |  2.4

Action                   |  1- 3 |  4- 6 |  7- 9 || total
-------------------------+-------+-------+-------++-------
Melee: Unarmed           |    90 |    77 |   135 ||   302
  Use: Potion            |       |       |     1 ||     1
Armor: Robe              |    21 |    16 |    66 ||   103
Dodge: Dodged            |    19 |    20 |    75 ||   114
Block: Kite shield       |    26 |    13 |    66 ||   105

Levels and vault maps discovered:
D:1:      evilmike_arrival_plus, layout_basic, basic_ecumenical_altar,
          serial_rivers, chequers_serial_rivers_micro_c,
          chequers_serial_rivers_room_b, chequers_serial_rivers_micro_c,
          chequers_serial_rivers_small_3, chequers_serial_rivers_micro_a
D:2:      layout_basic, basic_altar, uniq_terence, uniq_crazy_yiuf_cottage,
          uniq_jessica
D:3:      layout_basic, uniq_grinder, uniq_ijyb, uniq_sigmund
D:4:      layout_basic, portal_sewer_entry_d, ebering_ghost_sewer_d
Sewer:    sewer_minmay_w

Notes
Turn   | Place    | Note
-------+----------+-------------------------------------------
     0 | D:1      | zeratav the Troll Fighter began the quest for the Orb.
     0 | D:1      | Reached XP level 1. HP: 22/22 MP: 0/0
     0 | D:1      | magus.rc [v1.9.6]
   223 | D:1      | Found a faded altar of an unknown god.
   277 | D:1      | Reached XP level 2. HP: 29/29 MP: 1/1
   398 | D:1      | Reached skill level 3 in Unarmed Combat
   901 | D:2      | Reached XP level 3. HP: 36/36 MP: 2/2
  1041 | D:2      | Noticed Jessica
  1047 | D:2      | Killed Jessica
  1048 | D:2      | Reached skill level 1 in Throwing
  1048 | D:2      | Reached skill level 3 in Shields
  1101 | D:2      | Noticed Terence
  1109 | D:2      | Killed Terence
  1110 | D:2      | Reached XP level 4. HP: 31/44 MP: 3/3
  1162 | D:2      | Found a shimmering altar of Xom.
  1468 | D:2      | Found a runed translucent door.
  1469 | D:2      | Noticed Crazy Yiuf
  1475 | D:2      | Killed Crazy Yiuf
  1541 | D:3      | Reached skill level 3 in Fighting
  1626 | D:3      | Noticed Sigmund
  1649 | D:3      | HP: 11/45 [something/magic dart (9)]
  1650 | D:3      | HP: 2/45 [something (10)]
  1711 | D:3      | Killed Sigmund
  1712 | D:3      | Reached skill level 2 in Throwing
  1712 | D:3      | Reached skill level 4 in Unarmed Combat
  1712 | D:3      | Reached XP level 5. HP: 53/53 MP: 4/4
  1712 | D:3      | Reached XP level 6. HP: 61/61 MP: 5/5
  1748 | D:3      | You pick up a book of Callings and begin reading...
  1748 | D:3      | You add the spells Summon Small Mammal, Call Canine
                  | Familiar and Summon Guardian Golem to your library.
  1906 | D:3      | Noticed Ijyb
  1919 | D:3      | Killed Ijyb
  1953 | D:3      | Noticed Grinder
  1958 | D:3      | Paralysed by Grinder for 3 turns
  1967 | D:3      | Killed Grinder
  1968 | D:3      | Reached skill level 4 in Shields
  1968 | D:3      | Reached XP level 7. HP: 50/68 MP: 6/6
  2441 | D:4      | Reached skill level 3 in Throwing
  2489 | D:4      | Found a runed translucent door.
  2495 | D:4      | Noticed gdog's ghost (novice GnDe)
  2702 | D:4      | Found a glowing drain.
  2714 | Sewer    | Entered a sewer
  2805 | Sewer    | Reached skill level 4 in Fighting
  3000 | Sewer    | HP: 17/70 [adder (1)]
  3001 | Sewer    | HP: 7/70 [adder (3)]
  3001 | Sewer    | HP: 3/70 [adder (4)]
  3001 | Sewer    | HP: 1/70 [ball python (2)]
  3001 | Sewer    | Slain by a bullfrog

Vanquished Creatures
  Grinder (D:3)
  Sigmund (D:3)
  A jelly (D:4)
  Crazy Yiuf (D:2)
  Jessica (D:2)
  Ijyb (D:3)
  Terence (D:2)
  4 river rats (Sewer)
  8 adders
  2 worms (D:3)
  A dart slug (D:2)
  3 orcs
  12 ball pythons
  6 bats
  3 endoplasms
  3 giant cockroaches
  6 goblins
  3 hobgoblins
  6 jackals
  6 kobolds
  5 quokkas
  6 frilled lizards
  32 rats
113 creatures vanquished.

Table legend:
 A = Non-vault XP
 B = Vault XP
 C = Vault XP percentage of total XP
 D = Non-vault monster count
 E = Vault monster count
 F = Vault count percentage of total count
                 A         B        C        D         E       F
            +---------+---------+-------+---------+---------+-------
      Total |     195 |     823 |  80.8 |      63 |      50 |  44.2
            +---------+---------+-------+---------+---------+-------
        D:1 |      40 |       0 |   0.0 |      23 |       0 |   0.0
        D:2 |      18 |     110 |  85.9 |      10 |       3 |  23.1
        D:3 |      79 |     552 |  87.5 |      22 |       3 |  12.0
        D:4 |      58 |      13 |  18.3 |       8 |       1 |  11.1
      Sewer |       0 |     148 | 100.0 |       0 |      43 | 100.0
            +---------+---------+-------+---------+---------+-------

Illustrated notes

Table legend:
 A = Kills in this place as a percentage of kills in entire the game.
 B = Kills by you in this place as a percentage of kills by you in the entire game.
 C = Kills by friends in this place as a percentage of kills by friends in the entire game.
 D = Other kills in this place as a percentage of other kills in the entire game.
 E = Experience gained in this place as a percentage of experience gained in the entire game.
 F = Experience gained in this place divided by the number of levels of this place that you have seen.
                   A       B       C       D       E      F
               +-------+-------+-------+-------+-------+----------------------
         Total | 100.0 | 100.0 |   N/A |   N/A | 100.0 | 203.6
       Dungeon |  61.9 |  61.9 |   N/A |   N/A |  85.5 | 217.5
         Sewer |  38.1 |  38.1 |   N/A |   N/A |  14.5 | 148.0
               +-------+-------+-------+-------+-------+----------------------

Table legend: (Time is in decaauts)
 A = Elapsed time spent in this place.
 B = Non-inter-level travel time spent in this place.
 C = Inter-level travel time spent in this place.
 D = Time resting spent in this place.
 E = Time spent auto-exploring this place.
 F = Levels seen in this place.
 G = Mean time per level.
                   A        B        C        D        E       F      G
               +--------+--------+--------+--------+--------+-----+--------+
         Total |   3063 |   2971 |     92 |     35 |   2166 |   5 |  612.6 |
       Dungeon |   2734 |   2642 |     92 |     35 |   2018 |   4 |  683.5 |
         Sewer |    329 |    329 |      0 |      0 |    147 |   1 |  329.0 |
               +--------+--------+--------+--------+--------+-----+--------+

Top non-repeatable levels by time:
     D:1: 866 daAuts
     D:3: 855 daAuts
     D:2: 709 daAuts
   Sewer: 329 daAuts
     D:4: 303 daAuts
